 Dungeon Crawl Stone Soup version 0.28-a0-1395-g4f6bc678fa (webtiles) character file.

Game seed: 11364382598143282186

1019 Peloso the Slasher (level 8, -4/70 HPs)
             Began as a Minotaur Fighter on Jan 4, 2022.
             Was a Believer of Okawaru.
             Slain by Menkaure (10 damage)
             ... on level 6 of the Dungeon.
             The game lasted 00:07:56 (4654 turns).

Peloso the Slasher (Minotaur Fighter)               Turns: 4654, Time: 00:07:56

Health: -4/70      AC: 19    Str: 21    XL:     8   Next: 2%
Magic:  7/7        EV:  8    Int:  5    God:    Okawaru [**....]
Gold:   237        SH:  5    Dex: 12    Spells: 7/7 levels left

rFire   . . .      SeeInvis .   a - +0 long sword
rCold   . . .      Faith    +   c - +0 buckler
rNeg    + . .      Spirit   .   A - +2 chain mail {rPois}
rPois   +          Reflect  .   G - +2 hat
rElec   .          Harm     .   (no cloak)
rCorr   .          Rampage  .   (no gloves)
Will    .....                   q - +0 pair of boots
Stlth   ..........              s - amulet of faith
HPRegen 0.21/turn               m - ring of positive energy
MPRegen 0.10/turn               r - +4 ring of protection

@: no status effects
A: horns 2, retaliatory headbutt
a: Renounce Religion, Heroism


You were on level 6 of the Dungeon.
You worshipped Okawaru.
Okawaru was pleased with you.
You visited 2 branches of the dungeon, and saw 7 of its levels.

You collected 237 gold pieces.

Inventory:

Hand Weapons
 a - a +0 long sword (weapon)
Missiles
 x - 2 throwing nets (quivered)
Armour
 b - a +0 scale mail
 c - a +0 buckler (worn)
 q - a +0 pair of boots (worn)
 z - a +0 crystal plate armour
 A - a +2 chain mail of poison resistance (worn)
 G - a +2 hat (worn)
Jewellery
 h - a ring of ice
 m - a ring of positive energy (left hand)
 r - a +4 ring of protection (right hand)
 s - an amulet of faith (around neck)
 I - a ring of willpower
Wands
 F - a wand of flame (18)
Scrolls
 e - 2 scrolls of enchant weapon {unknown}
 g - a scroll of magic mapping {unknown}
 i - a scroll of noise {unknown}
 k - a scroll of brand weapon {unknown}
 l - a scroll of torment {unknown}
 n - a scroll of teleportation {unknown}
 p - a scroll of summoning {unknown}
 t - a scroll of amnesia {unknown}
 u - a scroll of fear {unknown}
 y - 2 scrolls of enchant armour {unknown}
 B - a scroll of immolation {unknown}
 C - a scroll of holy word {unknown}
 E - 2 scrolls of identify {unknown}
Potions
 d - a potion of might
 f - 2 potions of curing {unknown}
 j - 2 potions of cancellation {unknown}
 o - a potion of attraction {unknown}
 v - a potion of brilliance {unknown}
 D - a potion of heal wounds {unknown}
 H - a potion of ambrosia {unknown}
 J - a potion of lignification {unknown}


   Skills:
 + Level 5.8 Fighting
 + Level 7.0 Long Blades
 + Level 6.5 Armour
 + Level 2.6 Dodging
 + Level 0.7 Stealth
 + Level 5.3 Shields


You had 7 spell levels left.
You didn't know any spells.
Your spell library contained the following spells:

 Spells                   Type           Power      Damage    Failure   Level
 Blink                    Tloc           0%         N/A       99%         2
 Ensorcelled Hibernation  Hex/Ice        0%         N/A       99%         2
 Lesser Beckoning         Tloc           0%         N/A       100%        3
 Ozocubu's Armour         Ice            0%         N/A       100%        3
 Fireball                 Conj/Fire      0%         3d3       100%        5
 Manifold Assault         Tloc           0%         N/A       100%        5
 Starburst                Conj/Fire      0%         6d3       100%        6
 Ozocubu's Refrigeration  Ice            0%         4d5       100%        7
 Ignition                 Fire           0%         3d3       100%        8


Dungeon Overview and Level Annotations

Branches:
Dungeon (6/15)             Temple (1/1) D:4

Altars:
Ashenzari
Cheibriados
Dithmenos
Elyvilon
Fedhas
Kikubaaqudgha
Okawaru
Qazlal
Trog
Yredelemnul
The Shining One

Shops:
D:3 [

Annotations:
D:4 2 transporters
D:6 Menkaure, Pikel


Innate Abilities, Weirdness & Mutations

You have a pair of horns on your head.
You reflexively headbutt those who attack you in melee.


Message History

Your Long Blades skill increases to level 7!
You have reached level 8!
You feel agile.
F - a wand of flame (18) (gained 14 charges)
Items here: )) [[.
Okay, then.
HP restored.
A lemure comes into view.
The lemure shouts!
You hear a shout! x2
A lemure is nearby!
A lemure is nearby!
Menkaure, Prince of Dust comes into view.
Menkaure shouts!
A lemure comes into view.
The lemure shouts!
Pikel, Merchant of Souls comes into view.
He is wielding a +1 whip of flaming and wearing a +2 robe of fire resistance.
Menkaure mumbles some strange words.
Menkaure seems to speed up.
Menkaure mumbles drily.
You hit the lemure but do no damage. You block the lemure's attack.
You slash the lemure! Your headbutt misses the lemure.
The lemure is heavily wounded.
The lemure hits you but does no damage.
You hit the lemure.
The lemure is severely wounded.
Menkaure calls on the powers of darkness!
Your body is wracked with pain!
You block the lemure's attack.
You slash the lemure!
You kill the lemure!
That felt strangely unrewarding.
Menkaure calls on the powers of darkness!
Your body is wracked with pain!
Menkaure hits you!
* * * LOW HITPOINT WARNING * * *
The lemure hits you.
* * * LOW HITPOINT WARNING * * *
You hit Menkaure but do no damage. You headbutt Menkaure.
Menkaure is lightly damaged.
Menkaure hits you!
You die...

#.# #.# #.# #.#
#.# #.# #.# #.#
###############@#
K..5..........5M#
#################


You could see a lemure and Menkaure (fast).

Vanquished Creatures
  2 water moccasins
  Duvessa (D:6)
  A sky beast (D:4)
  A lemure (D:6)
  A gnoll sergeant (D:5)
  Dowan (D:6)
  A centaur zombie (D:5)
  2 orc priests (D:5)
  3 hounds
  Jessica (D:3)
  Ijyb (D:4)
  2 iguanas (D:5)
  An orc wizard (D:5)
  5 adders
  8 gnolls
  A worm (D:5)
  2 dart slugs
  3 orcs (D:5)
  5 ball pythons
  7 bats
  7 endoplasms
  2 giant cockroaches
  6 hobgoblins
  4 jackals (D:1)
  2 quokkas (D:3)
  5 frilled lizards
  5 goblins
  9 kobolds
  8 rats
  3 bushes (D:2)
100 creatures vanquished.

Vanquished Creatures (others)
  9 plants
  13 withered plants (D:1)
22 creatures vanquished.

Grand Total: 122 creatures vanquished

Notes
Turn   | Place    | Note
-------+----------+-------------------------------------------
     0 | D:1      | Peloso the Minotaur Fighter began the quest for the Orb.
     0 | D:1      | Reached XP level 1. HP: 19/19 MP: 0/0
   110 | D:1      | Reached XP level 2. HP: 27/27 MP: 1/1
   330 | D:1      | Found a faded altar of an unknown god.
   753 | D:2      | Reached XP level 3. HP: 29/33 MP: 2/2
   758 | D:2      | Reached skill level 3 in Long Blades
  1773 | D:3      | Reached XP level 4. HP: 27/40 MP: 3/3
  1893 | D:3      | Found Atuampig's Armour Boutique.
  1903 | D:3      | Noticed Jessica
  1929 | D:3      | Killed Jessica
  1994 | D:3      | Got Jessica's Disquisition on Malediction
  2014 | D:3      | Noticed a water moccasin
  2026 | D:3      | Killed a water moccasin
  2027 | D:3      | Reached skill level 4 in Long Blades
  2027 | D:3      | Reached skill level 5 in Armour
  2027 | D:3      | Reached XP level 5. HP: 13/47 MP: 4/4
  2585 | D:4      | Found a staircase to the Ecumenical Temple.
  2594 | Temple   | Entered the Ecumenical Temple
  2624 | Temple   | Became a worshipper of Warmaster Okawaru
  2751 | D:4      | Reached skill level 1 in Dodging
  2788 | D:4      | Noticed Ijyb
  2799 | D:4      | Paralysed by Ijyb for 5 turns
  2807 | D:4      | Paralysed by Ijyb for 7 turns
  2817 | D:4      | Paralysed by Ijyb for 6 turns
  2824 | D:4      | Killed Ijyb
  2825 | D:4      | Reached XP level 6. HP: 38/53 MP: 5/5
  2837 | D:4      | Found a transporter.
  2954 | D:4      | Reached skill level 5 in Long Blades
  2968 | D:4      | Found a transporter.
  3149 | D:4      | Noticed a sky beast
  3157 | D:4      | Killed a sky beast
  3594 | D:5      | Entered Level 5 of the Dungeon
  3794 | D:5      | Reached * piety under Okawaru
  3865 | D:5      | Noticed a water moccasin
  3876 | D:5      | Killed a water moccasin
  3877 | D:5      | Reached skill level 5 in Fighting
  3877 | D:5      | Reached XP level 7. HP: 60/61 MP: 6/6
  3914 | D:5      | Reached skill level 6 in Long Blades
  4169 | D:5      | Reached skill level 5 in Shields
  4578 | D:6      | Noticed Duvessa
  4578 | D:6      | Noticed Dowan
  4599 | D:6      | Killed Duvessa
  4599 | D:6      | Reached ** piety under Okawaru
  4601 | D:6      | Killed Dowan
  4602 | D:6      | Reached skill level 7 in Long Blades
  4602 | D:6      | Reached XP level 8. HP: 67/70 MP: 7/7
  4637 | D:6      | Noticed Menkaure
  4638 | D:6      | Noticed Pikel
  4654 | D:6      | Slain by Menkaure

Illustrated notes

Levels and vault maps discovered:
D:1:      dpeg_arrival_shrine, layout_basic,
          shapermc_ecumenical_altar_flowoftime
D:2:      wad_pebble_path, layout_basic, serial_forest, infiniplex_forest_end_3,
          infiniplex_forest_straight_5, infiniplex_forest_lined_room_3,
          infiniplex_forest_clump_small, infiniplex_forest_end_1,
          ebering_dispersal_statue_hall, minmay_pentomino_p4
D:3:      layout_rooms, serial_shops, shop, kennysheep_jessica_study
D:4:      gammafunk_wand_slinger, layout_loops_ring,
          minmay_temple_entry_drinking_statues, uniq_ijyb
D:5:      layout_layer_cave
D:6:      layout_basic, mainiacjoe_overflow_24_doors, uniq_menkaure,
          uniq_eustachio, uniq_pikel, uniq_duvessa
Temple:   compressed_dpeg_circular_temple

Skill      XL: |  1  2  3  4  5  6  7 |
---------------+----------------------+-----
Shields        | 4 5 |  5.3
Long Blades    | 3 4 5 7 |  7.0
Fighting       | 4 5 |  5.8
Armour         | 4 5 6 |  6.5
Dodging        | 1 2 |  2.6
Stealth        | |  0.7

Action                   |  1- 3 |  4- 6 |  7- 9 || total
-------------------------+-------+-------+-------++-------
Melee: Long sword        |   251 |   109 |    79 ||   439
       Headbutt          |    85 |    19 |    22 ||   126
  Use: Scroll            |       |       |     1 ||     1
Armor: Scale mail        |    40 |    32 |       ||    72
       Chain mail        |       |    44 |    72 ||   116
Dodge: Dodged            |    50 |    51 |    60 ||   161
Block: Buckler           |    20 |    30 |    28 ||    78

Table legend: (Time is in decaauts)
 A = Elapsed time spent in this place.
 B = Non-inter-level travel time spent in this place.
 C = Inter-level travel time spent in this place.
 D = Time resting spent in this place.
 E = Time spent auto-exploring this place.
 F = Levels seen in this place.
 G = Mean time per level.
                   A        B        C        D        E       F      G
               +--------+--------+--------+--------+--------+-----+--------+
         Total |   4740 |   4565 |    175 |    190 |   3115 |   7 |  677.1 |
       Dungeon |   4682 |   4507 |    175 |    190 |   3113 |   6 |  780.3 |
        Temple |     58 |     58 |      0 |      0 |      2 |   1 |   58.0 |
               +--------+--------+--------+--------+--------+-----+--------+

Top non-repeatable levels by time:
     D:4: 1126 daAuts
     D:2: 1055 daAuts
     D:3: 842 daAuts
     D:1: 757 daAuts
     D:5: 725 daAuts
     D:6: 175 daAuts
  Temple: 58 daAuts
